 Dungeon Sprint DCSS version 0.17-a0-957-ga3519be (webtiles) character file.

95 ahoge the Skirmisher (level 4, -9/32 HPs)
             Began as a Gargoyle Fighter on May 7, 2015.
             Was an Initiate of Okawaru.
             Mangled by a hill giant
             ... wielding a +0 giant club
              (24 damage)
             ... in the Dungeon (Sprint IX: "|||||||||||||||||||||||||||||").
             The game lasted 00:03:31 (408 turns).

ahoge the Skirmisher (Gargoyle Fighter)              Turns: 408, Time: 00:03:31

Health: -9/32      AC: 17    Str: 23    XL:     4   Next: 65%
Magic:  4/4        EV:  7    Int:  8    God:    Okawaru [......]
Gold:   0          SH: 10    Dex: 13    Spells: 0 memorised, 3 levels left

rFire  . . .     SeeInvis .     r - +2 morningstar of Watchfulness {crush, rElec rN+ Stlth+}
rCold  . . .     Clarity  .     y - +1 chain mail
rNeg   + + .     SustAb   .     c - +0 shield
rPois  ∞         Gourm    .     (no helmet)
rElec  +         Spirit   .     w - +0 cloak
rCorr  .         Warding  .     (no gloves)
rMut   .         NoTele   +     x - +0 pair of boots
MR     .....                    (no amulet)
Stlth  ..........               A - +3 ring of dexterity
                                z - +3 ring of strength

@: not resistant to hostile enchantments, extremely unstealthy
A: negative energy resistance 1, electricity resistance, unbreathing,
petrification resistance, rot immunity, AC +3
a: Renounce Religion


You were in the Dungeon.
You worshipped Okawaru.
Okawaru was noncommittal.
You were not hungry.

You visited 1 branch

Inventory:

Hand weapons
 r - the +2 morningstar of Watchfulness (weapon) {crush, rElec rN+ Stlth+}
   (You found it in the Dungeon)

   It inflicts extra damage upon your enemies.
   It insulates you from electricity.
   It protects you from negative energy.
   It makes you more stealthy.
Armour
 c - a +0 shield (worn)
 w - a +0 cloak (worn)
 x - a +0 pair of boots (worn)
 y - a +1 chain mail (worn)
Jewellery
 z - a +3 ring of strength (left hand)
 A - a +3 ring of dexterity (right hand)
Magical devices
 p - a wand of draining (7)
Scrolls
 k - 2 scrolls of blinking
 n - 3 scrolls of remove curse
 o - 2 scrolls of amnesia
Potions
 d - a potion of might
 f - 5 potions of curing
 g - 3 potions of heal wounds
 h - a potion of haste
 i - 4 potions of magic
 j - a potion of berserk rage
 m - a potion of invisibility
Comestibles
 e - a bread ration
 l - 2 chunks of flesh


   Skills:
 + Level 6.9 Fighting
 + Level 2.4 Maces & Flails
 + Level 6.7 Armour
 + Level 2.5 Dodging
 + Level 3.7 Shields


You had 3 spell levels left.
You didn't know any spells.

Dungeon Overview and Level Annotations

Branches:
Dungeon (1/1)

Altars:
Cheibriados
Dithmenos
Elyvilon
Fedhas
Gozag
Kikubaaqudgha
Makhleb
Nemelex Xobeh
Okawaru
Qazlal
Ru
Sif Muna
Trog
Vehumet
Xom
Yredelemnul
Zin
The Shining One
Beogh
Jiyva
Lugonu


Innate Abilities, Weirdness & Mutations

You are resistant to torment.
Your stone body is resilient (AC +3).
You are immune to poison.
You resist negative energy.
You are resistant to electric shocks.
You can survive without breathing.
You are immune to petrification.
You are immune to rotting.


Message History

Your shield and chain mail prevent you from hitting the hill giant.
The hill giant is heavily wounded.
You block the hill giant's attack.
You hit the hill giant.
The hill giant is heavily wounded.
You block the hill giant's attack.
You completely miss the hill giant.
The hill giant is heavily wounded.
The hill giant hits you with a giant club!
You hit the hill giant.
The hill giant is heavily wounded.
The hill giant hits you with a giant club!
You hit the hill giant.
The hill giant is heavily wounded.
You block the hill giant's attack.
You sock the hill giant!
The hill giant is severely wounded.
The hill giant hits you with a giant club!!
Ouch! That really hurt!
You die...

▓.▓
▓.▓
▓|▓
▓)▓
▓[▓
▓.▓
▓.▓
▓.▓
▓@▓
▓C▓
▓y▓
▓o▓
▓Z▓
▓h▓
▓.▓
▓.▓


You could see a hill giant, a black bear, a killer bee, an orc and an adder
zombie.

Vanquished Creatures
  A crimson imp (D)
  An iguana (D)
  A worker ant (D)
  An adder zombie (D)
  A giant gecko (D)
  A ball python (D)
  2 bats (D)
  A goblin (D)
  A hobgoblin (D)
  A jackal skeleton (D)
11 creatures vanquished.

Vanquished Creatures (others)
  A spatial maelstrom (D)
1 creature vanquished.

Grand Total: 12 creatures vanquished

Notes
Turn   | Place    | Note
--------------------------------------------------------------
     0 | D        | ahoge, the Gargoyle Fighter, began the quest for the Orb.
     0 | D        | Reached XP level 1. HP: 14/14 MP: 1/1
     3 | D        | Banished a spatial maelstrom
    19 | D        | Reached skill level 4 in Fighting
    26 | D        | Reached XP level 2. HP: 11/20 MP: 2/2
   168 | D        | Noticed a worker ant
   168 | D        | Noticed a crimson imp
   183 | D        | Killed a worker ant
   183 | D        | Reached skill level 5 in Fighting
   183 | D        | Reached skill level 5 in Armour
   183 | D        | Reached skill level 1 in Dodging
   183 | D        | Reached XP level 3. HP: 13/27 MP: 3/3
   208 | D        | Killed a crimson imp
   208 | D        | Reached skill level 6 in Fighting
   208 | D        | Reached XP level 4. HP: 13/32 MP: 4/4
   223 | D        | Found a glowing silver altar of Zin.
   223 | D        | Found a glowing golden altar of the Shining One.
   223 | D        | Found an ancient bone altar of Kikubaaqudgha.
   223 | D        | Found a basalt altar of Yredelemnul.
   223 | D        | Found a shimmering altar of Xom.
   223 | D        | Found a radiant altar of Vehumet.
   224 | D        | Found an iron altar of Okawaru.
   225 | D        | Found a burning altar of Makhleb.
   226 | D        | Found a deep blue altar of Sif Muna.
   227 | D        | Found a bloodstained altar of Trog.
   228 | D        | Found a sparkling altar of Nemelex Xobeh.
   229 | D        | Found a white marble altar of Elyvilon.
   230 | D        | Found a roughly hewn altar of Beogh.
   231 | D        | Found a viscous altar of Jiyva.
   232 | D        | Found a corrupted altar of Lugonu.
   234 | D        | Became a worshipper of Warmaster Okawaru
   236 | D        | Found a blossoming altar of Fedhas.
   237 | D        | Found a snail-covered altar of Cheibriados.
   238 | D        | Found a shadowy altar of Dithmenos.
   239 | D        | Found a stormy altar of Qazlal.
   240 | D        | Found an opulent altar of Gozag.
   241 | D        | Found a sacrificial altar of Ru.
   258 | D        | Got the +2 morningstar of Watchfulness {crush, rElec rN+ Stlth+}
   395 | D        | Noticed an iguana
   395 | D        | Noticed a killer bee
   395 | D        | Noticed a hill giant
   395 | D        | Noticed a black bear
   397 | D        | Killed an iguana
   408 | D        | Mangled by a hill giant

Action                   |  1- 3 |  4- 6 || total
-------------------------+-------+-------++-------
Melee: Flail             |    55 |       ||    55
       Morningstar       |       |    13 ||    13
